 Dungeon Crawl Stone Soup version 0.20.1-1-g8b1a95d (console) character file.

64 hilaritas the Ruffian (level 4, -1/38 HPs)
             Began as a Formicid Monk on Sept 24, 2017.
             Shot with a stone by a goblin (3 damage)
             ... led by Robin
             ... on level 2 of the Dungeon.
             The game lasted 00:05:17 (1701 turns).

hilaritas the Ruffian (Formicid Monk)               Turns: 1701, Time: 00:05:18

Health: -1/38      AC:  2    Str: 16    XL:     4   Next: 32%
Magic:  4/4        EV: 13    Int: 10    God:
Gold:   62         SH:  0    Dex: 13    Spells: 3/3 levels left

rFire    . . .     SeeInvis +     - Unarmed
rCold    . . .     Gourm    .   (no shield)
rNeg     . . .     Faith    .   a - +0 robe
rPois    .         Spirit   .   (helmet unavailable)
rElec    .         Reflect  .   (no cloak)
rCorr    .         Harm     .   (no gloves)
MR       +....                  (no boots)
Stlth    ++........             (no amulet)
Regen    0.2/turn               (no ring)
MPRegen  0.1/turn               (no ring)

@: flying
A: permanent stasis, dig shafts and tunnels, four strong arms, antennae 3, magic
resistance 1, robust 1
a: Dig, Shaft Self


You were on level 2 of the Dungeon.
You were hungry.

You visited 1 branch of the dungeon, and saw 2 of its levels.

You collected 62 gold pieces.

Inventory:

Armour
 a - a +0 robe (worn)
Jewellery
 c - an uncursed ring of resist corrosion {unknown}
 d - an uncursed ring of ice {unknown}
Scrolls
 e - a scroll of teleportation {unknown}
 f - a scroll of remove curse {unknown}
 g - 2 scrolls of identify {unknown}
 i - 2 scrolls of immolation {unknown}
 k - a scroll of fog {unknown}
 m - a scroll of blinking {unknown}
Comestibles
 b - a bread ration
 h - 2 royal jellies
 j - a meat ration


   Skills:
 - Level 3.2 Fighting
 - Level 2.6 Dodging
 - Level 2.4 Stealth
 * Level 4.8 Unarmed Combat


You had 3 spell levels left.
You didn't know any spells.

Dungeon Overview and Level Annotations

Branches:
Dungeon (2/15)

Altars:

Annotations:
D:2 Robin


Innate Abilities, Weirdness & Mutations

You cannot be hasted, slowed, berserked, paralysed or teleported.
You can dig through walls and to a lower floor.
Your four strong arms can wield two-handed weapons with a shield.
You have a pair of large antennae on your head. (SInv)
You are resistant to hostile enchantments. (MR+)
You are robust. (+10% HP)


Message History

The goblin closely misses you. Robin misses you. The goblin closely misses you.
You barely miss the goblin.
The goblin is moderately wounded.
The goblin closely misses you. The goblin hits you.
You hit the goblin.
You kill the goblin!
The goblin hits you.
The goblin wields a hunting sling.
The goblin shoots a stone.
The stone closely misses you.
Robin hits you from afar with a trident!
* * * LOW HITPOINT WARNING * * *
You hit the goblin.
The goblin is heavily wounded.
The goblin wields a hunting sling.
The goblin shoots a stone.
The stone barely misses you.
The stone barely misses the goblin.
The goblin hits you.
* * * LOW HITPOINT WARNING * * *
It was a potion of flight.
You feel very buoyant.
You fly up into the air.
The goblin shoots a stone.
The stone hits you.
You die...

.. $.. ... .. . #g. #..##. ..# #
.{# #...#. #.#####.((.#.
{.######.#.#. #.(..##.#....#
#............
.##.............##gg.....##...###
{..........#.##g@)gg.....##....).
#..........#####g......#.....##
#.........######..........#..## .
#..............%.$......#.##..#
..#........#..........>.....##...
#...#.##........##...............
###...######....##...........<..#
.......### ##...##.......#..)....
######...####...###########.##.##
###....#......## #.##.#.
####......##..#######.##.#.


You could see Robin and 5 goblins.

Vanquished Creatures
  2 adders (D:2)
  An ooze (D:2)
  2 dart slugs (D:1)
  3 giant cockroaches (D:1)
  9 goblins
  4 hobgoblins
  A quokka (D:2)
  2 bats
  2 frilled lizards (D:1)
  6 kobolds (D:1)
  4 rats
36 creatures vanquished.

Notes
Turn   | Place    | Note
-------+----------+-------------------------------------------
     0 | D:1      | hilaritas the Formicid Monk began the quest for the Orb.
     0 | D:1      | Reached XP level 1. HP: 18/18 MP: 1/1
   290 | D:1      | Reached XP level 2. HP: 15/24 MP: 2/2
   790 | D:1      | Reached skill level 4 in Unarmed Combat
   790 | D:1      | Reached XP level 3. HP: 21/29 MP: 3/3
  1307 | D:2      | Gained mutation: You are robust. (+10% HP) [potion of mutation]
  1307 | D:2      | Gained mutation: You are resistant to hostile enchantments. (MR+) [potion of mutation]
  1638 | D:2      | Reached XP level 4. HP: 38/38 MP: 4/4
  1686 | D:2      | Noticed Robin
  1701 | D:2      | Shot with a stone by a goblin

Skill      XL: |  1  2 |
---------------+-------+-----
Unarmed Combat | 4 |  4.8
Fighting       | |  3.2
Dodging        | |  2.6
Stealth        | |  2.4

Action                   |  1- 3 |  4- 6 || total
-------------------------+-------+-------++-------
Melee: Unarmed           |   117 |    11 ||   128
       Punch             |     2 |       ||     2
  Use: Potion            |     2 |     1 ||     3
 Stab: Sleeping          |     2 |       ||     2
  Eat: Chunk             |     2 |       ||     2
Armor: Robe              |    30 |     1 ||    31
Dodge: Dodged            |    85 |    12 ||    97
